BSA
POCATELLO BOCCABELLAS @ ST. LOUIS BROWNS
08/21/2026
 
TOP OF THE 1ST
Pocatello Boccabellas batting - Pitching for St. Louis Browns : RHP Claudio Martínez
Pitching: RHP Claudio Martínez
Batting: RHB José García 0-0: Called Strike
0-1: Ball
1-1: Ball
2-1: Foul Ball, location: 2F
2-2: Ball
3-2: SINGLE (Groundball, 6MD)
Batting: LHB Norberto Muńóz 0-0: Called Strike
0-1: Ball
1-1: Ball
2-1: Fly out, F6 (Line Drive, 6)
Batting: RHB Marlon Phipps 0-0: Ball
1-0: Foul Ball, location: 2F
1-1: Foul Ball, location: 2F
1-2: Strikes out swinging
Batting: LHB Juan Cortés 0-0: Ball
1-0: Called Strike
1-1: Swinging Strike
1-2: Fly out, F7 (Line Drive, 7S)
Top of the 1st over - 0 run(s), 1 hit(s), 0 error(s), 1 left on base; Pocatello 0 - St. Louis 0
BOTTOM OF THE 1ST
St. Louis Browns batting - Pitching for Pocatello Boccabellas : RHP Kevin Bush
Pitching: RHP Kevin Bush
Batting: SHB Ryobe Yamamoto 0-0: Called Strike
0-1: Called Strike
0-2: Foul Ball, location: 2F
0-2: Foul Ball, location: 2F
0-2: Ball
1-2: Ground out 4-3 (Groundball, 4MS)
Batting: LHB Mike Hill 0-0: Called Strike
0-1: Ball
1-1: Swinging Strike
1-2: Fly out, F7 (Flyball, 7LD)
Batting: LHB Stan Hickman 0-0: Ball
1-0: Ball
2-0: Foul Ball, location: 2F
2-1: DOUBLE (Line Drive, 5L)
Batting: LHB Clinton Clark 0-0: Called Strike
0-1: Ball
1-1: Ground out 4-3 (Groundball, 4)
Bottom of the 1st over - 0 run(s), 1 hit(s), 0 error(s), 1 left on base; Pocatello 0 - St. Louis 0
TOP OF THE 2ND
Pocatello Boccabellas batting - Pitching for St. Louis Browns : RHP Claudio Martínez
Batting: RHB Francisco Sandoval 0-0: Ball
1-0: Foul Ball, location: 2F
1-1: Ground out 4-3 (Groundball, 4)
Batting: RHB Pedro Guzmán 0-0: Fly out, F3 (Popup, 2R)
Batting: RHB José Delgado 0-0: Called Strike
0-1: Foul Ball, location: 2F
0-2: Ball
1-2: Fly out, F3 (Popup, 3D)
Top of the 2nd over - 0 run(s), 0 hit(s), 0 error(s), 0 left on base; Pocatello 0 - St. Louis 0
BOTTOM OF THE 2ND
St. Louis Browns batting - Pitching for Pocatello Boccabellas : RHP Kevin Bush
Batting: LHB Jorge Torres 0-0: Called Strike
0-1: Ball
1-1: Called Strike
1-2: SINGLE (Groundball, 4MD)
Batting: RHB R.J. Parker 0-0: Foul Ball, location: 2F
0-1: Ball
1-1: Ball
2-1: Called Strike
2-2: Strikes out swinging
Batting: RHB George Howard 0-0: Called Strike
0-1: Ball
1-1: Called Strike
1-2: Ball
2-2: Ball
3-2: Strikes out swinging
Batting: RHB Anthony Rucker 0-0: Ball
1-0: Ground out 5-3 (Groundball, 5S)
Bottom of the 2nd over - 0 run(s), 1 hit(s), 0 error(s), 1 left on base; Pocatello 0 - St. Louis 0
TOP OF THE 3RD
Pocatello Boccabellas batting - Pitching for St. Louis Browns : RHP Claudio Martínez
Batting: RHB Chris Parker 0-0: Called Strike
0-1: Ball
1-1: Swinging Strike
1-2: Ball
2-2: Strikes out swinging
Batting: SHB Guillermo Ortíz 0-0: Swinging Strike
0-1: Called Strike
0-2: Foul Ball, location: 2F
0-2: Ball
1-2: Ball
2-2: Ball
3-2: Strikes out swinging
Batting: RHB José García 0-0: Called Strike
0-1: Ball
1-1: Ball
2-1: Fly out, F8 (Flyball, 8LM)
Top of the 3rd over - 0 run(s), 0 hit(s), 0 error(s), 0 left on base; Pocatello 0 - St. Louis 0
BOTTOM OF THE 3RD
St. Louis Browns batting - Pitching for Pocatello Boccabellas : RHP Kevin Bush
Batting: RHB Carlos Alfaro 0-0: Called Strike
0-1: Ball
1-1: Foul Ball, location: 2F
1-2: Ball
2-2: Strikes out swinging
Batting: SHB Ryobe Yamamoto 0-0: Ball
1-0: Ball
2-0: Called Strike
2-1: Ball
3-1: Ground out 6-3 (Groundball, 6)
Batting: LHB Mike Hill 0-0: Ball
1-0: Ground out 3-1 (Groundball, 34)
Bottom of the 3rd over - 0 run(s), 0 hit(s), 0 error(s), 0 left on base; Pocatello 0 - St. Louis 0
TOP OF THE 4TH
Pocatello Boccabellas batting - Pitching for St. Louis Browns : RHP Claudio Martínez
Batting: LHB Norberto Muńóz 0-0: Fly out, F9 (Flyball, 89D)
Batting: RHB Marlon Phipps 0-0: Foul Ball, location: 2F
0-1: Foul Ball, location: 2F
0-2: Ball
1-2: Strikes out looking
Batting: LHB Juan Cortés 0-0: Called Strike
0-1: Foul Ball, location: 2F
0-2: Strikes out swinging
Top of the 4th over - 0 run(s), 0 hit(s), 0 error(s), 0 left on base; Pocatello 0 - St. Louis 0
BOTTOM OF THE 4TH
St. Louis Browns batting - Pitching for Pocatello Boccabellas : RHP Kevin Bush
Batting: LHB Stan Hickman 0-0: Called Strike
0-1: Foul Ball, location: 2F
0-2: Ball
1-2: Ball
2-2: Strikes out swinging
Batting: LHB Clinton Clark 0-0: Ball
1-0: Called Strike
1-1: Ball
2-1: Foul Ball, location: 2F
2-2: Strikes out swinging
Batting: LHB Jorge Torres 0-0: Ball
1-0: Ball
2-0: SINGLE (Line Drive, 6M)
Batting: RHB R.J. Parker 0-0: Called Strike
0-1: Foul Ball, location: 2F
0-2: Ball
1-2: Ball
2-2: Ball
3-2: Strikes out looking
Bottom of the 4th over - 0 run(s), 1 hit(s), 0 error(s), 1 left on base; Pocatello 0 - St. Louis 0
TOP OF THE 5TH
Pocatello Boccabellas batting - Pitching for St. Louis Browns : RHP Claudio Martínez
Batting: RHB Francisco Sandoval 0-0: Called Strike
0-1: DOUBLE (Line Drive, 9LS)
Batting: RHB Pedro Guzmán 0-0: Called Strike
0-1: Called Strike
0-2: Ball
1-2: Strikes out swinging
Batting: RHB José Delgado 0-0: Ball
1-0: Called Strike
1-1: Ball
2-1: Ball
3-1: Fly out, F7 (Flyball, 7M)
Batting: RHB Chris Parker 0-0: Foul Ball, location: 2F
0-1: Called Strike
0-2: Foul Ball, location: 2F
0-2: Ball
1-2: Ball
2-2: Ball
3-2: Foul Ball, location: 2F
3-2: Base on Balls
Batting: SHB Guillermo Ortíz 0-0: Ball
1-0: Ground out 2-3 (Groundball, 2L)
Top of the 5th over - 0 run(s), 1 hit(s), 0 error(s), 2 left on base; Pocatello 0 - St. Louis 0
BOTTOM OF THE 5TH
St. Louis Browns batting - Pitching for Pocatello Boccabellas : RHP Kevin Bush
Batting: RHB George Howard 0-0: DOUBLE (Groundball, 5L)
Batting: RHB Anthony Rucker 0-0: Ball
1-0: Called Strike
1-1: SINGLE (Flyball, 8LS)
George Howard to third
Runner from 3rd tries for Home, SAFE, no throw or cutoff
Batting: RHB Carlos Alfaro 0-0: Ball
1-0: Called Strike
1-1: Ball
2-1: Grounds into double play, 5-4-3 (Groundball, 56)
Batting: SHB Ryobe Yamamoto 0-0: Ball
1-0: Foul Ball, location: 2F
1-1: SINGLE (Line Drive, 56D)
Batting: LHB Mike Hill 0-0: Ground out U3 (Groundball, 3)
Bottom of the 5th over - 1 run(s), 3 hit(s), 0 error(s), 1 left on base; Pocatello 0 - St. Louis 1
TOP OF THE 6TH
Pocatello Boccabellas batting - Pitching for St. Louis Browns : RHP Claudio Martínez
Batting: RHB José García 0-0: Ball
1-0: Ball
2-0: Called Strike
2-1: SINGLE (Groundball, 4MD)
Batting: LHB Norberto Muńóz 0-0: Foul Ball, location: 2F
0-1: Ball
1-1: Ball
2-1: Ball
3-1: SINGLE (Groundball, 5D)
José García to second
Batting: RHB Marlon Phipps 0-0: Ball
1-0: Foul Ball, location: 2F
1-1: Ball
2-1: 3-RUN HOME RUN (Flyball, 7LD), Distance : 353 ft
Batting: LHB Juan Cortés 0-0: Ball
1-0: Ball
2-0: Foul Ball, location: 2F
2-1: Foul Ball, location: 2F
2-2: SOLO HOME RUN (Line Drive, 7LD), Distance : 348 ft
Batting: RHB Francisco Sandoval 0-0: Foul Ball, location: 2F
0-1: SINGLE (Groundball, 6MD)
Pitching: RHP Kitahachi Okada
Batting: RHB Pedro Guzmán 0-0: SINGLE (Groundball, 13) (infield hit)
Francisco Sandoval to second
Batting: RHB José Delgado 0-0: Ball
1-0: Ball
2-0: Ball
3-0: Called Strike
3-1: Base on Balls
Francisco Sandoval to third
Pedro Guzmán to second
Batting: RHB Chris Parker 0-0: Called Strike
0-1: Ball
1-1: Grounds into fielders choice 3-2 (Groundball, 23)
Pedro Guzmán to third
José Delgado to second
Batting: SHB Guillermo Ortíz 0-0: Ball
1-0: Foul Ball, location: 2F
1-1: SINGLE (Groundball, 4M)
Pedro Guzmán scores
José Delgado to third
Chris Parker to second
Runner from 3rd tries for Home, SAFE, no throw or cutoff
Pitching: RHP Ramón Silva
Batting: RHB José García 0-0: Swinging Strike
0-1: Foul Ball, location: 2F
0-2: Grounds into double play, 1-6-3 (Groundball, 13S)
Top of the 6th over - 6 run(s), 7 hit(s), 0 error(s), 1 left on base; Pocatello 6 - St. Louis 1
BOTTOM OF THE 6TH
St. Louis Browns batting - Pitching for Pocatello Boccabellas : RHP Kevin Bush
Batting: LHB Stan Hickman 0-0: Foul Ball, location: 2F
0-1: Swinging Strike
0-2: Strikes out swinging
Batting: LHB Clinton Clark 0-0: Foul Ball, location: 2F
0-1: Foul Ball, location: 2F
0-2: Ball
1-2: Ground out U3 (Groundball, 3S)
Batting: LHB Jorge Torres 0-0: Fly out, F7 (Flyball, 7M)
Bottom of the 6th over - 0 run(s), 0 hit(s), 0 error(s), 0 left on base; Pocatello 6 - St. Louis 1
TOP OF THE 7TH
Pocatello Boccabellas batting - Pitching for St. Louis Browns : RHP Ramón Silva
Batting: LHB Norberto Muńóz 0-0: Called Strike
0-1: Ball
1-1: Foul Ball, location: 2F
1-2: Foul Ball, location: 2F
1-2: Strikes out looking
Batting: RHB Marlon Phipps 0-0: Swinging Strike
0-1: Called Strike
0-2: Ball
1-2: Ball
2-2: Strikes out swinging
Batting: LHB Juan Cortés 0-0: Ball
1-0: Swinging Strike
1-1: Swinging Strike
1-2: Ground out 6-3 (Groundball, 6)
Top of the 7th over - 0 run(s), 0 hit(s), 0 error(s), 0 left on base; Pocatello 6 - St. Louis 1
BOTTOM OF THE 7TH
St. Louis Browns batting - Pitching for Pocatello Boccabellas : RHP Kevin Bush
Batting: RHB R.J. Parker 0-0: DOUBLE (Groundball, 5L)
Batting: RHB George Howard 0-0: Ball
1-0: Ball
2-0: Called Strike
2-1: Ball
3-1: Foul Ball, location: 2F
3-2: Ground out 4-3 (Groundball, 4)
R.J. Parker to third
Batting: RHB Anthony Rucker 0-0: Ball
1-0: Fly out, F6 (Popup, 56)
Batting: RHB Carlos Alfaro 0-0: Called Strike
0-1: Called Strike
0-2: Ball
1-2: Fly out, F7 (Line Drive, 78XD)
Bottom of the 7th over - 0 run(s), 1 hit(s), 0 error(s), 1 left on base; Pocatello 6 - St. Louis 1
TOP OF THE 8TH
Pocatello Boccabellas batting - Pitching for St. Louis Browns : RHP Ramón Silva
Batting: RHB Francisco Sandoval 0-0: Foul Ball, location: 2F
0-1: Foul Ball, location: 2F
0-2: Strikes out swinging
Pitching: RHP John Allan
Batting: RHB Pedro Guzmán 0-0: Ball
1-0: Foul Ball, location: 2F
1-1: Swinging Strike
1-2: Strikes out swinging
Batting: RHB José Delgado 0-0: Ball
1-0: Swinging Strike
1-1: Hit by Pitch
Batting: RHB Chris Parker 0-0: Called Strike
José Delgado steals 2nd base
0-1: Called Strike
0-2: Strikes out swinging
Top of the 8th over - 0 run(s), 0 hit(s), 0 error(s), 1 left on base; Pocatello 6 - St. Louis 1
BOTTOM OF THE 8TH
St. Louis Browns batting - Pitching for Pocatello Boccabellas : RHP Kevin Bush
Batting: SHB Ryobe Yamamoto 0-0: Ball
1-0: Ball
2-0: Called Strike
2-1: Ball
3-1: Foul Ball, location: 2F
3-2: Base on Balls
Batting: LHB Mike Hill 0-0: Foul Ball, location: 2F
0-1: Ball
1-1: Ball
2-1: Called Strike
2-2: Ball
3-2: DOUBLE (Flyball, 89XD)
Ryobe Yamamoto to third
Ryobe Yamamoto scores
Batting: LHB Stan Hickman 0-0: Ball
1-0: Called Strike
1-1: Hit by Pitch
Batting: LHB Clinton Clark 0-0: Grounds into double play, 4-6-3 (Groundball, 34)
Mike Hill to third
Batting: LHB Jorge Torres 0-0: SINGLE (Groundball, 4MD)
Mike Hill scores
Batting: RHB R.J. Parker 0-0: Foul Ball, location: 2F
0-1: Ball
1-1: DOUBLE (Line Drive, 5D)
Jorge Torres to third
Batting: RHB George Howard 0-0: Foul Ball, location: 2F
0-1: SINGLE (Flyball, 4MD)
Jorge Torres scores
R.J. Parker to third
Runner from 3rd tries for Home, SAFE, no throw or cutoff
Batting: RHB Anthony Rucker 0-0: Called Strike
0-1: Ball
1-1: Called Strike
1-2: Foul Ball, location: 2F
1-2: Foul Ball, location: 2F
1-2: Ball
2-2: Strikes out swinging
Bottom of the 8th over - 4 run(s), 4 hit(s), 0 error(s), 1 left on base; Pocatello 6 - St. Louis 5
TOP OF THE 9TH
Pocatello Boccabellas batting - Pitching for St. Louis Browns : RHP John Allan
Pitching: LHP Brent Miller
Batting: SHB Guillermo Ortíz 0-0: Called Strike
0-1: Ball
1-1: SOLO HOME RUN (Flyball, 78XD), Distance : 413 ft
Batting: RHB José García 0-0: Ball
1-0: Ball
2-0: Called Strike
2-1: Ball
3-1: Foul Ball, location: 2F
3-2: Foul Ball, location: 2F
3-2: Foul Ball, location: 2F
3-2: SINGLE (Groundball, 6MS) (infield hit)
Batting: LHB Norberto Muńóz 0-0: Bunted foul
0-1: Bunted foul
0-2: Ball
1-2: Strikes out looking
Batting: RHB Marlon Phipps 0-0: Ball
1-0: Called Strike
1-1: Ball
2-1: Called Strike
2-2: Strikes out swinging
Batting: LHB Juan Cortés 0-0: Ball
1-0: Foul Ball, location: 2F
1-1: Foul Ball, location: 2F
1-2: Ground out 1-3 (Groundball, 15S)
Top of the 9th over - 1 run(s), 2 hit(s), 0 error(s), 1 left on base; Pocatello 7 - St. Louis 5
BOTTOM OF THE 9TH
St. Louis Browns batting - Pitching for Pocatello Boccabellas : RHP Kevin Bush
Pitching: RHP Adrián Martínez
Batting: RHB Carlos Alfaro 0-0: SINGLE (Line Drive, 78S)
Batting: SHB Ryobe Yamamoto 0-0: Foul Ball, location: 2F
0-1: Foul Ball, location: 2F
0-2: Foul Ball, location: 2F
0-2: Ball
1-2: Fielders Choice at 2nd, 6-4 (Groundball, 6)
Batting: LHB Mike Hill 0-0: Ball
1-0: Ball
2-0: Fielders Choice at 2nd, 1-6 (Groundball, 15S)
Batting: LHB Stan Hickman 0-0: Ball
1-0: Called Strike
1-1: Ball
2-1: Foul Ball, location: 2F
2-2: Ball
Wild Pitch!
Mike Hill to second
3-2: Foul Ball, location: 2F
3-2: Strikes out swinging
Bottom of the 9th over - 0 run(s), 1 hit(s), 0 error(s), 1 left on base; Pocatello 7 - St. Louis 5
Monday, December 5th, 2016 - OOTP Baseball 17.12 Build 75